MLB
CLEVELAND GUARDIANS @ ST. LOUIS CARDINALS
10/03/2046
 
TOP OF THE 1ST
Cleveland Indians batting - Pitching for St. Louis Cardinals : LHP Antonio Lacayo
Pitching: LHP Antonio Lacayo
Batting: LHB Arvin Dungca 0-0: Ball
1-0: Swinging Strike
1-1: Foul Ball, location: 2F
1-2: Strikes out looking
Batting: RHB Doug Hammertime 0-0: Ball
1-0: Foul Ball, location: 2F
1-1: Ball
2-1: Foul Ball, location: 2F
2-2: Foul Ball, location: 2F
2-2: SINGLE (Line Drive, 9LS, EV 107.5 MPH)
Batting: RHB Nick Ogle 0-0: Ball
1-0: Foul Ball, location: 2F
1-1: Grounds into double play, 5-4-3 (Groundball, 56S, EV 88.8 MPH)
Top of the 1st over - 0 runs, 1 hit, 0 errors, 0 left on base; Cleveland 0 - St. Louis 0
BOTTOM OF THE 1ST
St. Louis Cardinals batting - Pitching for Cleveland Indians : RHP Risto Pandev
Pitching: RHP Risto Pandev
Batting: RHB Tenshou Takita 0-0: Fly out, F9 (Flyball, 9, EV 82.5 MPH)
Batting: LHB Tom Butterbaugh 0-0: Called Strike
0-1: Fly out, F9 (Flyball, 9S, EV 80.0 MPH)
Batting: RHB Eric Chotkowski 0-0: Ball
1-0: Hit by Pitch
Batting: LHB Shawn Morrison 0-0: Swinging Strike
0-1: Called Strike
0-2: Foul Ball, location: 2F
0-2: Strikes out looking
Bottom of the 1st over - 0 runs, 0 hits, 0 errors, 1 left on base; Cleveland 0 - St. Louis 0
TOP OF THE 2ND
Cleveland Indians batting - Pitching for St. Louis Cardinals : LHP Antonio Lacayo
Batting: RHB Drtian Thaqi 0-0: Fly out, F8 (Flyball, 8LD, EV 95.6 MPH)
Batting: RHB Hiroshige Yamada 0-0: Ball
1-0: Foul Ball, location: 2F
1-1: Ball
2-1: Foul Ball, location: 2F
2-2: SINGLE (Groundball, 4MD, EV 104.4 MPH)
Batting: RHB Tommy Baird 0-0: Called Strike
0-1: Ball
1-1: Foul Ball, location: 2F
1-2: Strikes out swinging
Batting: LHB Hector Pedroso 0-0: Foul Ball, location: 2F
0-1: Swinging Strike
0-2: Ball
1-2: Ball
2-2: Fly out, F9 (Flyball, 9LS, EV 91.9 MPH)
Top of the 2nd over - 0 runs, 1 hit, 0 errors, 1 left on base; Cleveland 0 - St. Louis 0
BOTTOM OF THE 2ND
St. Louis Cardinals batting - Pitching for Cleveland Indians : RHP Risto Pandev
Batting: RHB Pavpv Ivanushkin 0-0: Ball
1-0: Ball
2-0: Foul Ball, location: 2F
2-1: Ball
3-1: Foul Ball, location: 2F
3-2: Strikes out swinging
Batting: RHB Klaas Meij 0-0: Ball
1-0: Called Strike
1-1: Ball
2-1: SINGLE (Groundball, 15S, EV 70.0 MPH) (infield hit)
Batting: RHB Fabrice Bertin 0-0: Ball
1-0: Foul Ball, location: 2F
1-1: Called Strike
1-2: Ball
2-2: Strikes out looking
Batting: RHB Terry Baginski 0-0: Swinging Strike
0-1: Ball
1-1: Called Strike
1-2: Strikes out swinging
Bottom of the 2nd over - 0 runs, 1 hit, 0 errors, 1 left on base; Cleveland 0 - St. Louis 0
TOP OF THE 3RD
Cleveland Indians batting - Pitching for St. Louis Cardinals : LHP Antonio Lacayo
Batting: LHB Kyle Schaible 0-0: Ball
1-0: Ground out 4-3 (Groundball, 4, EV 87.5 MPH)
Batting: RHB Edwin Madrid 0-0: Called Strike
0-1: Ball
1-1: DOUBLE (Flyball, 8RD, EV 103.8 MPH)
Batting: LHB Arvin Dungca 0-0: Ball
1-0: Ground out U3 (Groundball, 3, EV 90.6 MPH)
Edwin Madrid to third
Batting: RHB Doug Hammertime 0-0: Ball
1-0: Foul Ball, location: 2F
1-1: Ball
2-1: Ball
3-1: Base on Balls
Batting: RHB Nick Ogle 0-0: Called Strike
0-1: SINGLE (Line Drive, 56, EV 105.0 MPH)
Edwin Madrid scores
Doug Hammertime to second
Batting: RHB Drtian Thaqi 0-0: SINGLE (Flyball, 8RS, EV 87.5 MPH)
Doug Hammertime to third
Nick Ogle to second
Runner from 3rd tries for Home, SAFE, throw by CF to home
Batting: RHB Hiroshige Yamada 0-0: Swinging Strike
0-1: Ball
1-1: Called Strike
1-2: Ball
2-2: Strikes out swinging
Top of the 3rd over - 2 runs, 3 hits, 0 errors, 2 left on base; Cleveland 2 - St. Louis 0
BOTTOM OF THE 3RD
St. Louis Cardinals batting - Pitching for Cleveland Indians : RHP Risto Pandev
Batting: RHB Travis Leonard 0-0: Called Strike
0-1: Foul Ball, location: 2F
0-2: Strikes out swinging
Batting: RHB Tenshou Takita 0-0: Ball
1-0: Foul Ball, location: 2F
1-1: Ball
2-1: Ground out 4-3 (Groundball, 13, EV 86.2 MPH)
Batting: LHB Tom Butterbaugh 0-0: Called Strike
0-1: Ball
1-1: Ball
2-1: SINGLE (Groundball, 34S, EV 64.4 MPH) (infield hit)
Batting: RHB Eric Chotkowski 0-0: Ball
1-0: Ball
2-0: Ball
3-0: Called Strike
3-1: Fly out, F9 (Flyball, 89M, EV 93.8 MPH)
Bottom of the 3rd over - 0 runs, 1 hit, 0 errors, 1 left on base; Cleveland 2 - St. Louis 0
TOP OF THE 4TH
Cleveland Indians batting - Pitching for St. Louis Cardinals : LHP Antonio Lacayo
Batting: RHB Tommy Baird 0-0: Called Strike
0-1: Ball
1-1: Swinging Strike
1-2: Ball
2-2: Ball
3-2: Foul Ball, location: 2F
3-2: Foul Ball, location: 2F
3-2: Foul Ball, location: 2F
3-2: Strikes out swinging
Batting: LHB Hector Pedroso 0-0: Ball
1-0: Ball
2-0: Ball
3-0: Called Strike
3-1: Foul Ball, location: 2F
3-2: Strikes out looking
Batting: LHB Kyle Schaible 0-0: Ball
1-0: Called Strike
1-1: Foul Ball, location: 2F
1-2: Ball
2-2: Foul Ball, location: 2F
2-2: SINGLE (Groundball, 34D, EV 94.4 MPH)
Batting: RHB Edwin Madrid 0-0: Fly out, F8 (Line Drive, 8LD, EV 86.9 MPH)
Top of the 4th over - 0 runs, 1 hit, 0 errors, 1 left on base; Cleveland 2 - St. Louis 0
BOTTOM OF THE 4TH
St. Louis Cardinals batting - Pitching for Cleveland Indians : RHP Risto Pandev
Batting: LHB Shawn Morrison 0-0: Foul Ball, location: 2F
0-1: Ball
1-1: Ball
2-1: Reached on error, E4 (Groundball, 4, EV 88.1 MPH)
Batting: RHB Pavpv Ivanushkin 0-0: Fly out, F9 (Flyball, 9, EV 92.5 MPH)
Batting: RHB Klaas Meij 0-0: Foul Ball, location: 2F
0-1: Ball
1-1: Foul Ball, location: 2F
1-2: Ball
2-2: Ball
3-2: Strikes out looking
Batting: RHB Fabrice Bertin 0-0: Ball
1-0: Foul Ball, location: 2F
1-1: Swinging Strike
1-2: Ball
2-2: Strikes out swinging
Bottom of the 4th over - 0 runs, 0 hits, 1 error, 1 left on base; Cleveland 2 - St. Louis 0
TOP OF THE 5TH
Cleveland Indians batting - Pitching for St. Louis Cardinals : LHP Antonio Lacayo
Batting: LHB Arvin Dungca 0-0: Ball
1-0: Ball
2-0: Swinging Strike
2-1: Fly out, F3 (Line Drive, 34, EV 73.8 MPH)
Batting: RHB Doug Hammertime 0-0: Swinging Strike
0-1: Fly out, F7 (Line Drive, 7D, EV 96.9 MPH)
Batting: RHB Nick Ogle 0-0: Ground out 6-3 (Groundball, 56D, EV 105.6 MPH)
Top of the 5th over - 0 runs, 0 hits, 0 errors, 0 left on base; Cleveland 2 - St. Louis 0
BOTTOM OF THE 5TH
St. Louis Cardinals batting - Pitching for Cleveland Indians : RHP Risto Pandev
Batting: RHB Terry Baginski 0-0: Swinging Strike
0-1: Swinging Strike
0-2: Strikes out swinging
Batting: RHB Travis Leonard 0-0: Ball
1-0: Ball
2-0: Called Strike
2-1: Ball
3-1: Foul Ball, location: 2F
3-2: Strikes out swinging
Batting: RHB Tenshou Takita 0-0: Ball
1-0: Ball
2-0: Reached on error, E3 (Groundball, 34S, EV 92.5 MPH)
Batting: LHB Tom Butterbaugh 0-0: Ball
Tenshou Takita steals 2nd base
1-0: Ball
2-0: Ball
3-0: Base on Balls
Batting: RHB Eric Chotkowski 0-0: Foul Ball, location: 2F
0-1: Ball
1-1: Ball
2-1: Called Strike
2-2: Foul Ball, location: 2F
2-2: Strikes out swinging
Bottom of the 5th over - 0 runs, 0 hits, 1 error, 2 left on base; Cleveland 2 - St. Louis 0
TOP OF THE 6TH
Cleveland Indians batting - Pitching for St. Louis Cardinals : LHP Antonio Lacayo
Batting: RHB Drtian Thaqi 0-0: Ball
1-0: Called Strike
1-1: Ball
2-1: Ball
3-1: Swinging Strike
3-2: Ground out 6-3 (Groundball, 6M, EV 96.9 MPH)
Batting: RHB Hiroshige Yamada 0-0: Ball
1-0: Called Strike
1-1: Swinging Strike
1-2: SINGLE (Line Drive, 7S, EV 111.2 MPH)
Batting: RHB Tommy Baird 0-0: Called Strike
0-1: Ball
1-1: Swinging Strike
1-2: Fly out, F9 (Flyball, 9S, EV 91.2 MPH)
Batting: LHB Hector Pedroso 0-0: Called Strike
0-1: Called Strike
0-2: Foul Ball, location: 2F
0-2: Ground out 4-3 (Groundball, 4, EV 82.5 MPH)
Top of the 6th over - 0 runs, 1 hit, 0 errors, 1 left on base; Cleveland 2 - St. Louis 0
BOTTOM OF THE 6TH
St. Louis Cardinals batting - Pitching for Cleveland Indians : RHP Risto Pandev
Batting: LHB Shawn Morrison 0-0: Called Strike
0-1: Ball
1-1: Fly out, F9 (Line Drive, 89D, EV 87.5 MPH)
Batting: RHB Pavpv Ivanushkin 0-0: Ball
1-0: Ball
2-0: Ball
3-0: Called Strike
3-1: Called Strike
3-2: Foul Ball, location: 2F
3-2: SINGLE (Groundball, 6M, EV 110.0 MPH) (infield hit)
Batting: RHB Klaas Meij 0-0: Called Strike
0-1: Ball
1-1: Ball
2-1: Ball
3-1: Base on Balls
Pavpv Ivanushkin to second
Batting: RHB Fabrice Bertin 0-0: Foul Ball, location: 2F
0-1: SINGLE (Line Drive, 78S, EV 106.2 MPH)
Pavpv Ivanushkin to third
Klaas Meij to second
Runner from 3rd tries for Home, SAFE, throw by LF to home
Batting: RHB Terry Baginski 0-0: Swinging Strike
0-1: Ball
1-1: DOUBLE (Line Drive, 89D, EV 100.6 MPH)
Klaas Meij scores
Fabrice Bertin to third
Pitching: RHP Jon Huizenga
Batting: RHB Travis Leonard 0-0: Ball
1-0: Ground out 6-3 (Groundball, 56, EV 88.1 MPH)
Batting: RHB Tenshou Takita 0-0: Ground out 6-3 (Groundball, 6, EV 87.5 MPH)
Bottom of the 6th over - 2 runs, 3 hits, 0 errors, 2 left on base; Cleveland 2 - St. Louis 2
TOP OF THE 7TH
Cleveland Indians batting - Pitching for St. Louis Cardinals : LHP Antonio Lacayo
Batting: LHB Kyle Schaible 0-0: Ball
1-0: Swinging Strike
1-1: Called Strike
1-2: Ball
2-2: SINGLE (Groundball, 6MD, EV 103.1 MPH)
Pitching: LHP Brad Jonas
Batting: RHB Edwin Madrid 0-0: Ball
1-0: Sac Bunt to 15S - play at second, runner OUT! 1-6
Batting: LHB Arvin Dungca 0-0: Foul Ball, location: 2F
0-1: Ball
Edwin Madrid steals 2nd base
1-1: Foul Ball, location: 2F
1-2: Ball
2-2: Foul Ball, location: 2F
2-2: Ball
3-2: Base on Balls
Batting: RHB Doug Hammertime 0-0: Ball
1-0: Ball
2-0: Foul Ball, location: 2F
2-1: Foul Ball, location: 2F
2-2: Ball
3-2: Strikes out swinging
Batting: RHB Nick Ogle 0-0: Ball
1-0: Ground out 5-3 (Groundball, 56, EV 108.1 MPH)
Top of the 7th over - 0 runs, 1 hit, 0 errors, 2 left on base; Cleveland 2 - St. Louis 2
BOTTOM OF THE 7TH
St. Louis Cardinals batting - Pitching for Cleveland Indians : RHP Jon Huizenga
Batting: LHB Tom Butterbaugh 0-0: Ball
1-0: Foul Ball, location: 2F
1-1: Swinging Strike
1-2: Strikes out swinging
Batting: RHB Eric Chotkowski 0-0: Ball
1-0: Ball
2-0: Ball
3-0: Called Strike
3-1: Base on Balls
Batting: LHB Shawn Morrison 0-0: Foul Ball, location: 2F
0-1: SINGLE (Line Drive, 89S, EV 90.0 MPH)
Eric Chotkowski to second
Batting: RHB Pavpv Ivanushkin 0-0: Ball
1-0: Called Strike
1-1: Fly out, F9 (Flyball, 9, EV 79.4 MPH)
Batting: RHB Klaas Meij 0-0: Ball
1-0: Called Strike
1-1: Called Strike
1-2: Foul Ball, location: 2F
1-2: Fly out, F8 (Flyball, 8RM, EV 84.4 MPH)
Bottom of the 7th over - 0 runs, 1 hit, 0 errors, 2 left on base; Cleveland 2 - St. Louis 2
TOP OF THE 8TH
Cleveland Indians batting - Pitching for St. Louis Cardinals : LHP Brad Jonas
Batting: RHB Drtian Thaqi 0-0: Ball
1-0: Ball
2-0: Ball
3-0: Base on Balls
Batting: RHB Hiroshige Yamada 0-0: Ball
1-0: Swinging Strike
1-1: Swinging Strike
1-2: Ball
2-2: Ball
3-2: Foul Ball, location: 2F
3-2: Foul Ball, location: 2F
3-2: Ground out 5-3 (Groundball, 56S, EV 66.9 MPH)
Drtian Thaqi to second
Batting: RHB Tommy Baird 0-0: Intentional Walk
Batting: LHB Hector Pedroso 0-0: Ball
1-0: SINGLE (Groundball, 34D, EV 101.2 MPH)
Drtian Thaqi to third
Tommy Baird to second
Runner from 3rd tries for Home, SAFE, throw by RF to home
Batting: LHB Kyle Schaible 0-0: Ball
1-0: Called Strike
1-1: Foul Ball, location: 2F
1-2: Strikes out swinging
Batting: RHB Edwin Madrid 0-0: Foul Ball, location: 2F
0-1: Ball
1-1: Ball
2-1: Foul Ball, location: 2F
2-2: Ground out 5-3 (Groundball, 56S, EV 71.2 MPH)
Top of the 8th over - 1 run, 1 hit, 0 errors, 2 left on base; Cleveland 3 - St. Louis 2
BOTTOM OF THE 8TH
St. Louis Cardinals batting - Pitching for Cleveland Indians : RHP Jon Huizenga
Pitching: RHP Matt Laverty
Batting: RHB Fabrice Bertin 0-0: Swinging Strike
0-1: Foul Ball, location: 2F
0-2: Ground out 4-3 (Groundball, 4M, EV 89.4 MPH)
Batting: RHB Terry Baginski 0-0: Ball
1-0: Foul Ball, location: 2F
1-1: Ground out U3 (Groundball, 3, EV 98.1 MPH)
Batting: RHB Travis Leonard 0-0: Ball
1-0: Called Strike
1-1: Swinging Strike
1-2: Ball
2-2: Strikes out swinging
Bottom of the 8th over - 0 runs, 0 hits, 0 errors, 0 left on base; Cleveland 3 - St. Louis 2
TOP OF THE 9TH
Cleveland Indians batting - Pitching for St. Louis Cardinals : LHP Brad Jonas
Pitching: RHP David Murphy
Batting: LHB Arvin Dungca 0-0: Called Strike
0-1: Ball
1-1: Ball
2-1: SINGLE (Groundball, 4MS, EV 70.6 MPH) (infield hit)
Batting: RHB Doug Hammertime 0-0: Ball
Arvin Dungca is caught stealing 2nd base 2-4
1-0: Ground out 4-3 (Groundball, 4, EV 81.9 MPH)
Batting: RHB Nick Ogle 0-0: Ball
1-0: Ground out 6-3 (Groundball, 6, EV 88.8 MPH)
Top of the 9th over - 0 runs, 1 hit, 0 errors, 0 left on base; Cleveland 3 - St. Louis 2
BOTTOM OF THE 9TH
St. Louis Cardinals batting - Pitching for Cleveland Indians : RHP Matt Laverty
Pitching: RHP Drew Rickelman
Now in RF: Stu Sornson
Batting: RHB Tenshou Takita 0-0: Called Strike
0-1: Swinging Strike
0-2: Ball
1-2: Ground out 6-3 (Groundball, 56S, EV 81.9 MPH)
Batting: LHB Tom Butterbaugh 0-0: Called Strike
0-1: Swinging Strike
0-2: SOLO HOME RUN (Flyball, 9D, EV 93.1 MPH), Distance : 363 ft
Batting: RHB Eric Chotkowski 0-0: Ball
1-0: Ball
2-0: Called Strike
2-1: Called Strike
2-2: Ball
3-2: Foul Ball, location: 2F
3-2: Ground out 3-1 (Groundball, 13, EV 83.8 MPH)
Batting: LHB Shawn Morrison 0-0: Ball
1-0: Called Strike
1-1: Called Strike
1-2: Ball
2-2: Strikes out swinging
Bottom of the 9th over - 1 run, 1 hit, 0 errors, 0 left on base; Cleveland 3 - St. Louis 3
TOP OF THE 10TH
Cleveland Indians batting - Pitching for St. Louis Cardinals : RHP David Murphy
Pitching: RHP Bryan Banana
Batting: RHB Drtian Thaqi 0-0: Called Strike
0-1: Ball
1-1: Ball
2-1: Ball
3-1: Swinging Strike
3-2: Strikes out swinging
Pinch Hitting: LHB Danny Dunham 0-0: DOUBLE (Line Drive, 3D, EV 98.1 MPH)
Batting: RHB Tommy Baird 0-0: Called Strike
0-1: Swinging Strike
0-2: Foul Ball, location: 2F
0-2: Ball
1-2: Strikes out looking
Batting: LHB Hector Pedroso 0-0: Ball
1-0: Called Strike
1-1: SINGLE (Flyball, 3D, EV 90.6 MPH)
Danny Dunham to third
Runner from 3rd tries for Home, SAFE, throw by RF to home
Hector Pedroso to second
Batting: LHB Kyle Schaible 0-0: Intentional Walk
Batting: RHB Edwin Madrid 0-0: Ball
1-0: Ground out 5-3 (Groundball, 56S, EV 83.1 MPH)
Top of the 10th over - 1 run, 2 hits, 0 errors, 2 left on base; Cleveland 4 - St. Louis 3
BOTTOM OF THE 10TH
St. Louis Cardinals batting - Pitching for Cleveland Indians : RHP Drew Rickelman
Now at C: Billy Durham
Batting: RHB Pavpv Ivanushkin 0-0: Ball
1-0: Called Strike
1-1: Foul Ball, location: 2F
1-2: Reached on error, E6 (Groundball, 6, EV 86.9 MPH)
Batting: RHB Klaas Meij 0-0: Called Strike
0-1: Foul Ball, location: 2F
0-2: Strikes out swinging
Batting: RHB Fabrice Bertin 0-0: Called Strike
0-1: Ball
1-1: Ball
2-1: Ball
3-1: SINGLE (Groundball, 56D, EV 101.9 MPH) (infield hit)
Pavpv Ivanushkin to third
Pitching: RHP Dennis Beals
Batting: RHB Terry Baginski 0-0: Ball
1-0: Foul Ball, location: 2F
1-1: Swinging Strike
1-2: Strikes out swinging
Batting: RHB Travis Leonard 0-0: Ball
1-0: Called Strike
1-1: Foul Ball, location: 2F
1-2: Ball
2-2: Strikes out swinging
Bottom of the 10th over - 0 runs, 1 hit, 1 error, 2 left on base; Cleveland 4 - St. Louis 3
Tuesday, September 13th , 2022 - OOTP Baseball 23.7 Build 88